 Dungeon Crawl Stone Soup version 0.32-a0-612-g1c984fe9d1 (webtiles) character file.

Game seed: 17082834519979321569

11157 CougarLife the Geomancer (level 11, -32/54 HPs)
             Began as a Gargoyle Earth Elementalist on Mar 5, 2024.
             Was an Elder of Vehumet.
             Annihilated by a boulder beetle simulacrum (33 damage)
             ... on level 10 of the Dungeon.
             The game lasted 00:19:27 (10827 turns).

CougarLife the Geomancer (GrEE)                    Turns: 10827, Time: 00:19:28

Health: -32/54     AC: 16    Str: 13    XL:     11   Next: 73%
Magic:  22/24      EV: 11    Int: 25    God:    Vehumet [****..]
Gold:   243        SH:  0    Dex: 10    Spells: 20/29 levels left

rFire   . . .        w - +2 dagger (protect)
rCold   . . .        (no shield)
rNeg    + . .        a - +0 robe
rPois   ∞            E - +0 helmet
rElec   +            t - +0 cloak
rCorr   .            (no gloves)
SInv    .            (no boots)
Will    .....        s - amulet of magic regeneration
Stlth   ++           p - +4 ring of protection
HPRegen 0.29/turn    D - +6 ring of intelligence
MPRegen 0.59/turn

%: no passive effects
@: no status effects
A: sickness immunity, AC +8, negative energy resistance 1, electricity
resistance, torment resistance 1, petrification resistance
a: Renounce Religion


You were on level 10 of the Dungeon.
You worshipped Vehumet.
Vehumet was greatly pleased with you.
You visited 2 branches of the dungeon, and saw 12 of its levels.
You also visited: Sewer.

You collected 663 gold pieces.
You spent 420 gold pieces at shops.

Inventory:

Hand Weapons
 w - a +2 dagger of protection (weapon)
Armour
 a - a +0 robe (worn)
 t - a +0 cloak (worn)
 E - a +0 helmet (worn)
Magical Staves
 x - a staff of earth
Jewellery
 g - a ring of protection from fire
 p - a +4 ring of protection (left hand)
 s - an amulet of magic regeneration (around neck)
 D - a +6 ring of intelligence (right hand)
 F - the amulet of Yshroomi {Acrobat rF+}
   (You found it on level 7 of the Dungeon)

   [amulet of the acrobat]

   Acrobat:   It increases your evasion while moving and waiting.
   rF+:       It protects you from fire.
 G - a ring of ice
 K - a +6 ring of dexterity
Wands
 A - a wand of flame (22)
 B - a wand of charming (6)
Scrolls
 c - 2 scrolls of amnesia
 d - 2 scrolls of poison
 h - 2 scrolls of enchant weapon {unknown}
 i - a scroll of torment {unknown}
 j - a scroll of identify
 l - 3 scrolls of enchant armour
 o - 2 scrolls of revelation {unknown}
 q - 4 scrolls of teleportation
 y - 2 scrolls of fog {unknown}
 z - a scroll of blinking
 I - a scroll of acquirement {unknown}
 J - a scroll of noise {unknown}
Potions
 b - a potion of magic
 e - a potion of might {unknown}
 f - a potion of berserk rage {unknown}
 k - a potion of attraction {unknown}
 m - 2 potions of lignification
 n - 4 potions of enlightenment
 r - 4 potions of mutation
 u - a potion of haste {unknown}
 v - a potion of ambrosia {unknown}
 C - a potion of resistance {unknown}
 H - 3 potions of curing {unknown}


   Skills:
 - Level 1.5 Dodging
 - Level 2.1 Stealth
 + Level 9.7 Spellcasting
 + Level 11.1 Conjurations
 - Level 3.9 Air Magic
 + Level 12.6 Earth Magic


You had 20 spell levels left.
You knew the following spells:

 Your Spells              Type           Power      Damage    Failure   Level
a - Sandblast             Erth           100%       2d20      1%          1
b - Stone Arrow           Conj/Erth      100%       3d13      1%          3
c - Freezing Cloud        Conj/Ice/Air   18%        6-21      5%          5

Your spell library contained the following spells:

 Spells                   Type           Power      Damage    Failure   Level
 Dazzling Flash           Conj/Hex       80%        N/A       1%          3
 Passwall                 Erth           66%        N/A       1%          3
 Brom's Barrelling Bould  Conj/Erth      64%        2d8       1%          4
 Swiftness                Air            32%        N/A       3%          3
 Petrify                  Alch/Erth      43%        N/A       3%          4
 Ensorcelled Hibernation  Hex/Ice        24%        N/A       8%          2
 Ignite Poison            Fire/Alch      12%        N/A       13%         4
 Gell's Gravitas          Tloc           12%        N/A       16%         3
 Teleport Other           Tloc           12%        N/A       16%         3
 Dispersal                Tloc           6%         N/A       100%        6
 Cigotuvi's Dreadful Rot  Necr/Alch/Air  Unusable   N/A       N/A         2

Dungeon Overview and Level Annotations

Branches:
Dungeon (11/15)            Temple (1/1) D:5            Lair (0/5) D:8
    Orc (0/2) D:10          Sewer (visited)

Altars:
Ashenzari
Cheibriados
Dithmenos
Elyvilon
Fedhas
Gozag
Hepliaklqana
Kikubaaqudgha
Makhleb
Nemelex Xobeh
Okawaru
Qazlal
Ru
Sif Muna
Trog
Uskayaw
Vehumet
Wu Jian
Xom
Yredelemnul
Zin
The Shining One

Shops:
D:7 :[[*   D:10 [

Annotations:
D:9 1 runed translucent door, zenocrate's ghost, journeyman MiGl
D:10 4 exclusions


Innate Abilities, Weirdness & Mutations

You are immune to sickness and miasma.
Your stone body is resilient. (AC +8)
You are immune to poison.
You resist negative energy. (rN+)
You are resistant to electric shocks. (rElec)
You are resistant to unholy torment.
You are immune to petrification.


Message History

The spectral boulder beetle bites you but does no damage.
The spectral boulder beetle attacks as it pursues you!
The spectral boulder beetle bites you!
The spectral boulder beetle bites you but does no damage.
The spectral boulder beetle bites you!
The spectral boulder beetle attacks as it pursues you!
The spectral boulder beetle closely misses you.
There is a stone staircase leading down here.
The spectral boulder beetle waves its antennae.
The spectral boulder beetle bites you but does no damage.
You climb downwards.
There is a stone staircase leading up here.
You start resting.
Magic restored.
You start resting.
HP restored.
You climb upwards.
Level annotation: 4 exclusions The spectral boulder beetle bites you but does no damage. x2
The boulder beetle simulacrum bites you.
The boulder beetle simulacrum freezes you!!
Ouch! That really hurt!
The spectral boulder beetle bites you.
There is a stone staircase leading down here.
Casting: Sandblast (safe; 1% risk of failure)
Confirm with . or Enter, or press ? or * to list all spells.
Aiming: Stone Arrow (safe; 1% risk of failure)
Press: ? - help, Shift-Dir - straight line, f - boulder beetle simulacrum
Aim: a boulder beetle simulacrum (100% to hit)
The stone arrow hits the boulder beetle simulacrum!!
The boulder beetle simulacrum is heavily damaged.
The spectral boulder beetle bites you!
* * * LOW HITPOINT WARNING * * *
The spectral boulder beetle bites you.
* * * LOW HITPOINT WARNING * * *
The boulder beetle simulacrum bites you.
* * * LOW HITPOINT WARNING * * *
The boulder beetle simulacrum freezes you!!
Ouch! That really hurt!
You die...

..........>.........≈~≈...#######
.................##≈≈≈...## ....
...................≈≈...## #.
...................≈≈..## #
...................≈≈.## #
##...########......≈~##
##...########......~≈# #
...............Z.Z.≈≈# .#
)...............@##≈≈#..#
...............Z.##~Z'..#
...................≈≈#..#
...................≈≈# Z#
#..##########..####~≈# #
#..##########..# #≈~#
#..............####≈≈.#
...................≈≈..##
####...############≈≈...##


You could see 2 spectral boulder beetles and a boulder beetle simulacrum.

Vanquished Creatures
  A two-headed ogre (D:10)
  Maurice (D:7)
  A centaur zombie (D:10)
  4 centaur skeletons (D:10)
  An unseen horror (D:10)
  An unseen horror zombie (D:10)
  An unseen horror skeleton (D:10)
  Sigmund (D:3)
  A centaur simulacrum (D:10)
  2 wraiths (D:10)
  A shadow (D:9)
  2 vampires
  13 yaks
  An unseen horror simulacrum (D:10)
  3 steam dragons (D:9)
  A warg (D:10)
  2 water moccasins
  4 orc warriors
  A black bear (D:6)
  5 wolves (D:10)
  4 centaurs
  2 phantoms
  2 kobold brigands
  3 bullfrogs
  8 weeping skulls (D:10)
  2 gnoll sergeants
  3 scorpions
  4 wights (D:9)
  3 killer bees (D:9)
  2 howler monkeys (D:8)
  An electric eel (D:6)
  2 bombardier beetles (D:4)
  3 jellies
  3 hounds (D:6)
  Crazy Yiuf (D:3)
  6 orc priests
  4 iguanas
  7 orc wizards
  A hell rat (D:10)
  A howler monkey zombie (D:10)
  8 adders
  19 gnolls
  A howler monkey skeleton (D:10)
  A river rat (Sewer)
  3 white imps
  2 ufetubi (D:6)
  6 dart slugs
  3 ribbon worms
  36 orcs
  6 ball pythons
  5 endoplasms
  2 giant cockroaches
  29 hobgoblins
  10 jackals
  25 kobolds
  3 quokkas
  5 bats
  5 frilled lizards
  42 goblins
  10 rats
330 creatures vanquished.

Notes
Turn   | Place    | Note
-------+----------+-------------------------------------------
     0 | D:1      | CougarLife the Gargoyle Earth Elementalist began the quest
                  | for the Orb.
     0 | D:1      | Reached XP level 1. HP: 10/10 MP: 3/3
   119 | D:1      | Reached XP level 2. HP: 15/15 MP: 3/5
   295 | D:1      | Reached skill level 4 in Earth Magic
   461 | D:1      | Reached XP level 3. HP: 17/19 MP: 4/6
  1135 | D:2      | Reached XP level 4. HP: 24/24 MP: 6/8
  1448 | D:1      | Learned a level 3 spell: Stone Arrow
  1570 | D:2      | Found a faded altar of an unknown god.
  1586 | D:2      | Reached XP level 5. HP: 20/28 MP: 1/9
  2180 | D:3      | Noticed Sigmund
  2188 | D:3      | Reached skill level 5 in Earth Magic
  2190 | D:3      | Killed Sigmund
  2191 | D:3      | Reached XP level 6. HP: 26/32 MP: 0/11
  2568 | D:3      | Found a runed translucent door.
  2569 | D:3      | Noticed Crazy Yiuf
  3068 | D:3      | Killed Crazy Yiuf
  3069 | D:3      | Reached skill level 6 in Earth Magic
  3069 | D:3      | Reached XP level 7. HP: 36/36 MP: 10/13
  3462 | D:4      | Reached skill level 5 in Conjurations
  3847 | D:5      | Entered Level 5 of the Dungeon
  3914 | D:5      | Reached skill level 5 in Spellcasting
  3977 | D:5      | Reached XP level 8. HP: 30/41 MP: 13/15
  3985 | D:5      | Reached skill level 7 in Earth Magic
  4170 | D:5      | Found a glowing drain.
  4186 | Sewer    | Entered a sewer
  4290 | Sewer    | Found a white marble altar of Elyvilon.
  4505 | D:5      | Found a staircase to the Ecumenical Temple.
  4516 | Temple   | Entered the Ecumenical Temple
  4532 | Temple   | Became a worshipper of Vehumet
  4914 | D:6      | Reached skill level 8 in Earth Magic
  5090 | D:6      | Found a hide-covered altar of Uskayaw.
  5631 | D:6      | Reached * piety under Vehumet
  5631 | D:6      | Offered knowledge of Shock by Vehumet.
  5845 | D:6      | Reached XP level 9. HP: 45/45 MP: 18/18
  5995 | D:6      | Offered knowledge of Foxfire by Vehumet.
  6004 | D:6      | Reached ** piety under Vehumet
  6491 | D:7      | Found Osukku's Book Shoppe.
  6567 | D:7      | Noticed Maurice
  6571 | D:7      | Killed Maurice
  6572 | D:7      | Reached skill level 9 in Earth Magic
  6593 | D:7      | Bought a Trismegistus Codex for 420 gold pieces
  6644 | D:7      | Found Gouwka's Antique Armour Shoppe.
  6700 | D:7      | Found Mixzeeh's Assorted Antiques.
  6789 | D:7      | Reached skill level 1 in Air Magic
  6865 | D:7      | Found Jobeng's Armour Shoppe.
  6941 | D:7      | Identified the amulet of Yshroomi {Acrobat rF+}
  7365 | D:8      | Offered knowledge of Searing Ray by Vehumet.
  7371 | D:8      | Reached XP level 10. HP: 37/50 MP: 5/21
  7697 | D:8      | Found a hazy altar of Hepliaklqana.
  7708 | D:8      | Reached skill level 10 in Earth Magic
  7728 | D:8      | Reached *** piety under Vehumet
  7777 | D:8      | Found a staircase to the Lair.
  8319 | D:9      | Found a bloodstained altar of Trog.
  8625 | D:9      | Found a runed translucent door.
  8657 | D:9      | Noticed zenocrate's ghost (journeyman MiGl)
  8657 | D:9      | Noticed a centaur warrior
  8673 | D:9      | Learned a level 5 spell: Freezing Cloud
  8749 | D:9      | Reached skill level 11 in Earth Magic
  8827 | D:9      | Offered knowledge of Hailstorm by Vehumet.
  9438 | D:10     | Entered Level 10 of the Dungeon
  9438 | D:10     | Noticed a two-headed ogre
  9441 | D:10     | Killed a two-headed ogre
  9442 | D:10     | Reached skill level 10 in Conjurations
  9442 | D:10     | Reached XP level 11. HP: 49/54 MP: 15/23
 10065 | D:10     | Reached **** piety under Vehumet
 10089 | D:10     | Reached skill level 12 in Earth Magic
 10456 | D:10     | Offered knowledge of Dazzling Flash by Vehumet.
 10564 | D:10     | Found a staircase to the Orcish Mines.
 10597 | D:10     | Found Muman's Antique Armour Emporium.
 10827 | D:10     | HP: 1/54 [boulder beetle simulacrum (6)]
 10827 | D:10     | Annihilated by a boulder beetle simulacrum

Illustrated notes

Levels and vault maps discovered:
D:1:      grunt_arrival_lava_bath, layout_rooms, minmay_unequal
D:2:      layout_rooms, dreamdust_ecumenical_altar_grove, patterned_corridor
D:3:      layout_basic, chequers_garden, uniq_sigmund, uniq_crazy_yiuf_cottage
D:4:      layout_loops_ring, kennysheep_generic_room_6
D:5:      layout_loops_ring, minmay_temple_entry_butterflies,
          mainiacjoe_sewer_entry_somewhere_in_here_1
D:6:      minmay_goblin_kobold_castle, layout_loops_ring, lemuel_tele_altar,
          hangedman_decor_peaks_small
D:7:      layout_basic, serial_shops, nicolae_shop_just_a_little_nook, shop,
          nicolae_shop_just_a_little_nook, nicolae_shop_advertising_works
          [nicolae_subvault_shop_adworks], uniq_maurice
D:8:      minmay_recursive_quarters, layout_loops_ring,
          mainiacjoe_overflow_chevrons, lair_entry_dummy
D:9:      kennysheep_steamy, layout_basic, old_standard_altar,
          ebering_ghost_inner_flame, reono_crystal_passage
D:10:     lemuel_vampire_tower, layout_long_grid, orc_0_dummy,
          minmay_shop_grid_forest
D:11:     layout_stronghold, serial_shops, shop, dreamdust_gnoll_shepherd
Temple:   compressed_dpeg_triangle_lava_temple

Skill      XL: |  1  2  3  4  5  6  7  8  9 10 11 |
---------------+----------------------------------+-----
Earth Magic    | 4 5 6 8 9 11 12 | 12.6
Conjurations   | 2 3 4 5 7 8 10 11 | 11.1
Spellcasting   | 3 4 5 6 7 8 9 |  9.7
Air Magic      | 2 3 |  3.9
Dodging        | |  1.5
Stealth        | |  2.1

Action                     |  1- 3 |  4- 6 |  7- 9 | 10-12 || total
---------------------------+-------+-------+-------+-------++-------
  Melee: Unarmed           |     7 |       |       |       ||     7
         Dagger            |    42 |    12 |    13 |     3 ||    70
   Cast: Sandblast         |    49 |    60 |   216 |    47 ||   372
         Stone Arrow       |       |     8 |    34 |   116 ||   158
         Freezing Cloud    |       |       |       |    10 ||    10
    Use: Scroll            |       |       |       |     9 ||     9
         Potion            |       |       |       |     3 ||     3
 Armour: Robe              |    79 |    34 |   159 |   146 ||   418
  Dodge: Dodged            |    82 |    32 |   131 |    73 ||   318

Table legend: (Time is in decaauts)
 A = Elapsed time spent in this place.
 B = Non-inter-level travel time spent in this place.
 C = Inter-level travel time spent in this place.
 D = Time resting spent in this place.
 E = Time spent auto-exploring this place.
 F = Levels seen in this place.
 G = Mean time per level.
                   A        B        C        D        E       F      G
               +--------+--------+--------+--------+--------+-----+--------+
         Total |  11062 |  10511 |    551 |   2372 |   5602 |  13 |  850.9 |
       Dungeon |  10850 |  10314 |    536 |   2372 |   5482 |  11 |  986.4 |
        Temple |     32 |     17 |     15 |      0 |      0 |   1 |   32.0 |
         Sewer |    178 |    178 |      0 |      0 |    120 |   1 |  178.0 |
               +--------+--------+--------+--------+--------+-----+--------+

Top non-repeatable levels by time:
     D:6: 1768 daAuts
     D:9: 1441 daAuts
    D:10: 1281 daAuts
     D:3: 1136 daAuts
     D:2: 1050 daAuts
     D:1: 1036 daAuts
     D:8: 837 daAuts
     D:4: 774 daAuts
     D:5: 730 daAuts
     D:7: 678 daAuts
   Sewer: 178 daAuts
    D:11: 114 daAuts
  Temple: 32 daAuts
